Unix NetHack Version 5.0.0-0 post-release - last build May 23 2026 06:08:33 (1c0ff79ee797540d5714e4e18072db0edd9e58ae,branch:main).

Game began 2026-05-25 22:08:18, ended 2026-05-25 22:42:55.

Jobair, neutral female human Tourist

           ---         ----
          --.---       |..|
  -----  --....| ----  |..|
  |.|.-- |....^| |..|  --.--
  |....| --*|.-|--..|----..---
  --...|  --|..||...|-.......|
   |...--   --.|-...|..|.....|
   --...|  ---.|...|..-|...---
    |..--  |.......|.--|...|
    |.--   |.........----.--
   --.|    |..........-----
   |..|-----.............
   |.--|.................
  --.---.............)...
  |.....................                            ..-
  |..---...---.....---...                           -..---
  ---- --..---..).-- --..|.......---...........-    --...---#-#
        |..).<*)..##########....."......#....@o#########>.....|
        --.----...|        ----.--....----....--       -----..|
         ---  --.--           ---------  ---.--            ----
               ---                         ---
Jobair the Sightseer        St:11 Dx:13 Co:14 In:12 Wi:13 Ch:18  Neutral
Dlvl:4  $:13 HP:0(23) Pw:21(21) AC:1  Xp:5 T:4035 

Latest messages:
 You swap places with Godzilla.
 You stop.  Godzilla is in the way!
 You swap places with Godzilla.
 You swap places with Godzilla.
 You see here a thonged club.
 You swap places with Godzilla.
 The leprechaun hits!
 Your purse feels lighter.
 The leprechaun vanishes!
 You swap places with Godzilla.
 You stumble into a spider web!
 You are stuck to the web.
 You disentangle yourself.
 The leprechaun misses!
 The leprechaun hits!
 Your purse feels lighter.
 The leprechaun vanishes!
 You hear some noises in the distance.
 The hill orc wields a curved sword!
 You miss the hill orc.
 The hill orc swings her curved sword.
 The hill orc hits!
 What do you want to use or apply?
 In what direction? 9
 The hill orc is blinded by the flash!
 The hill orc turns to flee.
 You hit the hill orc.
 The hill orc swings her curved sword.
 The hill orc hits!
 You miss the hill orc.
 You hit the hill orc.
 The hill orc swings her curved sword.
 The hill orc hits!
 You stop.  Godzilla is in the way!
 The hill orc swings her curved sword.
 The hill orc misses!
 Godzilla bites it.
 Godzilla bites it.
 Godzilla eats a hill orc corpse.
 What do you want to use or apply?
 In what direction? 6
 The hill orc is blinded by the flash!
 The hill orc swings her curved sword.
 The hill orc hits!
 You die...
 Do you want your possessions identified? [ynq] (y) y
 Do you want to see your attributes? [ynq] (y) y
 Do you want an account of creatures vanquished? [ynaq] (y) y
 Do you want to see your conduct and achievements? [ynq] (y) y
 Do you want to see the dungeon overview? [ynq] (y) y

Inventory:
 Coins    ('$')
  $ - 13 gold pieces
 Amulets  ('"')
  p - an uncursed amulet of flying
 Weapons  (')')
  g - a +0 arrow
  a - 7 +2 darts (at the ready)
  N - a +0 orcish dagger (weapon in right hand)
 Armor    ('[')
  P - a blessed +0 orcish helm (being worn)
  f - a blessed +1 pair of iron shoes
  W - an uncursed +0 pair of iron shoes (being worn)
  A - an uncursed +0 alchemy smock with text "Don't make me poison you" (being worn)
  D - an uncursed +0 elven mithril-coat (being worn)
 Comestibles  ('%')
  i - an uncursed apple
  d - 3 uncursed food rations
  b - 2 uncursed tripe rations
 Potions  ('!')
  j - 2 uncursed potions of extra healing
 Wands    ('/')
  K - a wand of fire (0:4)
  u - a wand of magic missile (0:3)
 Tools    ('(')
  U - an empty uncursed bag of holding
  o - an uncursed credit card
  n - an expensive camera (0:68)
  Y - a +0 pick-axe

Jobair the Tourist's attributes:

Background:
 You were a Sightseer, a level 5 female human Tourist.
 You were neutral, on a mission for The Lady
 who was opposed by Blind Io (lawful) and Offler (chaotic).
 You were right-handed.
 You were in the Gnomish Mines, on level 4.
 You entered the dungeon 4035 turns ago.
 It was nighttime.
 You had 298 experience points, 22 more were needed to attain level 6.

Basics:
 You had 0 out of 23 hit points.
 You had all 21 energy points (spell power).
 Your armor class was 1.
 Your wallet contained 13 zorkmids.
 Autopickup was off.

Final Characteristics:
 Your strength was 11 (limit:18/100).
 Your dexterity was 13 (limit:18).
 Your constitution was 14 (limit:18).
 Your intelligence was 12 (limit:18).
 Your wisdom was 13 (limit:18).
 Your charisma was 18 (limit:18).

Final Status:
 You weren't hungry.
 You were unencumbered.
 You were wielding a dagger.
 You were unskilled in dagger.

Final Attributes:
 You were piously aligned.
 You were poison resistant.
 You were acid resistant.
 Your items were protected from acid.
 You were telepathic.
 You were guarded.
 You are dead.

Miscellaneous:
 You didn't encounter any bones levels.
 Total elapsed playing time was 34 minutes and 36 seconds.

Major events:
 Turn
    1: Jobair the neutral female human Tourist entered the dungeon
 1225: attained the rank of Sightseer (level 3)
 2915: entered the Gnomish Mines
 4035: killed by a hill orc

You didn't know any spells.

Skills:
 Fighting Skills
   bare handed combat [Unskilled]
   two weapon combat  [Unskilled]
   riding             [Unskilled]
 Weapon Skills
   dagger             [Unskilled]
   knife              [Unskilled]
   axe                [Unskilled]
   pick-axe           [Unskilled]
   short sword        [Unskilled]
   broadsword         [Unskilled]
   long sword         [Unskilled]
   two-handed sword   [Unskilled]
   saber              [Unskilled]
   mace               [Unskilled]
   morning star       [Unskilled]
   flail              [Unskilled]
   hammer             [Unskilled]
   quarterstaff       [Unskilled]
   polearms           [Unskilled]
   spear              [Unskilled]
   trident            [Unskilled]
   lance              [Unskilled]
   bow                [Unskilled]
   sling              [Unskilled]
   crossbow           [Unskilled]
   dart               [Basic]
   shuriken           [Unskilled]
   boomerang          [Unskilled]
   whip               [Unskilled]
   unicorn horn       [Unskilled]
 Spellcasting Skills
   divination spells  [Unskilled]
   enchantment spells [Unskilled]
   escape spells      [Unskilled]

Voluntary challenges:
 Character rerolling was not enabled.
 You never genocided any monsters.
 You never polymorphed an object.
 You never changed form.
 You used no wishes.
Achievements:
 You entered a shop.
 You attained the rank of Sightseer.
 You entered the Gnomish Mines.

 The Dungeons of Doom: levels 1 to 4
    Level 1:
       An altar.
    Level 2:
       A scroll shop.
    Level 3:
       Stairs down to The Gnomish Mines.
    Level 4:
       A fountain.
 The Gnomish Mines:
    Level 4: <- You were here.
       Final resting place for
          you, killed by a hill orc.


Vanquished creatures:
  2 small mimics
  a rock mole
  a shrieker
  4 gnome leaders
  a floating eye
  2 dwarves
  a hill orc
  a rothe
  a coyote
  a hobbit
  2 hobgoblins
  2 giant rats
  3 cave spiders
  a yellow mold
  8 gnomes
  4 geckos
  8 jackals
  a fox
  a goblin
  2 sewer rats
 11 grid bugs
  7 lichens
  3 kobold zombies
  5 newts
73 creatures vanquished.

No species were genocided or became extinct.

Game over:
                       ----------
                      /          \
                     /    REST    \
                    /      IN      \
                   /     PEACE      \
                  /                  \
                  |      Jobair      |
                  |      13 Au       |
                  | killed by a hill |
                  |       orc        |
                  |                  |
                  |                  |
                  |       2026       |
                 *|     *  *  *      | *
        _________)/\\_//(\/(/\)/\//\/|_)_______

Aloha Jobair the Tourist...

You died in The Gnomish Mines on dungeon level 4 with 1352 points,
and 13 pieces of gold, after 4035 moves.
You were level 5 with a maximum of 23 hit points when you died.

